 Dungeon Crawl Stone Soup version 0.29-a0-810-g3812dd5c9c (webtiles) character file.

Game seed: 16582762845351109730

3244 Bnni the Carver (level 9, -3/74 HPs)
             Began as a Demonspawn Gladiator on July 4, 2022.
             Killed from afar by a steam dragon (19 damage)
             ... with a ball of steam
             ... on level 6 of the Dungeon.
             The game lasted 00:18:13 (8093 turns).

Bnni the Carver (Demonspawn Gladiator)              Turns: 8093, Time: 00:18:13

Health: -3/74      AC:  8    Str: 16    XL:     9   Next: 67%
Magic:  9/9        EV: 11    Int: 15    God:
Gold:   99         SH:  0    Dex: 18    Spells: 8/8 levels left

rFire   x . .      SeeInvis .   J - +0 short sword (venom)
rCold   + . .      Faith    .   (no shield)
rNeg    . . .      Spirit   .   o - +0 ring mail
rPois   .          Reflect  .   (helmet restricted)
rElec   .          Harm     .   (no cloak)
rCorr   .          Rampage  .   (no gloves)
Will    +....      Clarity  +   (no boots)
Stlth   +.........              N - amulet of regeneration
HPRegen 1.02/turn               t - ring of ice
MPRegen 0.11/turn               f - +6 ring of intelligence

@: studying Ice Magic
A: yellow scales 2, spiny 1, condensation shield, antennae 1, clarity,
strong-willed 1
a: no special abilities


You were on level 6 of the Dungeon.
You visited 2 branches of the dungeon, and saw 7 of its levels.

You collected 275 gold pieces.
You spent 176 gold pieces at shops.

Inventory:

Hand Weapons
 a - a +0 long sword
 J - a +0 short sword of venom (weapon)
Missiles
 I - 16 poisoned darts (quivered)
 M - a javelin
Armour
 e - the +1 leather armour of the Skies Above {rF- rC+ Dex+3}
   (You found it on level 4 of the Dungeon)

   Dex:       It affects your dexterity (+3).
   rF:        It makes you vulnerable to fire.
   rC:        It protects you from cold.
 o - a +0 ring mail (worn)
 r - a +0 helmet
Jewellery
 b - an amulet of guardian spirit
 f - a +6 ring of intelligence (right hand)
 n - a ring of flight
 t - a ring of ice (left hand)
 N - an amulet of regeneration (around neck)
Wands
 x - a wand of polymorph (14)
 H - a wand of flame (24)
Scrolls
 c - a scroll of blinking {unknown}
 i - 2 scrolls of vulnerability
 l - 2 scrolls of enchant weapon {unknown}
 q - 2 scrolls of brand weapon {unknown}
 s - 2 scrolls of identify
 u - 3 scrolls of enchant armour {unknown}
 v - 2 scrolls of fear {unknown}
 w - 3 scrolls of teleportation {unknown}
 y - 3 scrolls of amnesia {unknown}
 z - 2 scrolls of summoning {unknown}
 A - a scroll of silence {unknown}
 C - a scroll of immolation {unknown}
 D - 2 scrolls of torment {unknown}
 G - a scroll of magic mapping {unknown}
 K - 2 scrolls of noise {unknown}
 L - a scroll of fog {unknown}
Potions
 d - a potion of brilliance
 g - 2 potions of flight
 h - a potion of might
 j - a potion of magic {unknown}
 k - a potion of attraction {unknown}
 m - a potion of invisibility
 p - 2 potions of heal wounds {unknown}
 B - a potion of haste
 E - a potion of resistance {unknown}
 F - 2 potions of berserk rage {unknown}


   Skills:
 + Level 8.1 Fighting
 * Level 10.6 Long Blades
 - Level 1.7 Throwing
 - Level 2.6 Dodging


You had 8 spell levels left.
You didn't know any spells.
Your spell library contained the following spells:

 Spells                   Type           Power      Damage    Failure   Level
 Slow                     Hex            0%         N/A       45%         1
 Call Canine Familiar     Summ           0%         N/A       83%         3
 Confusing Touch          Hex            0%         N/A       83%         3
 Portal Projectile        Hex/Tloc       0%         N/A       83%         3
 Vampiric Draining        Necr           0%         2d6       83%         3
 Leda's Liquefaction      Hex/Erth       0%         N/A       99%         4


Dungeon Overview and Level Annotations

Branches:
Dungeon (6/15)             Temple (1/1) D:5

Altars:
Ashenzari
Cheibriados
Fedhas
Gozag
Makhleb
Nemelex Xobeh
Okawaru
Ru
Uskayaw
Wu Jian
Yredelemnul

Shops:
D:3 [   D:6 !

Annotations:
D:6 3 runed translucent doors, capka3m's ghost, novice MeEE


Innate Abilities, Weirdness & Mutations

You are mostly covered in yellow scales. (AC +3)
You are partially covered in sharp spines.
A meltable shield of frost defends you. (SH +0)
You have a pair of small antennae on your head.
You possess an exceptional clarity of mind.
You are strong-willed. (Will+)


Message History

You hit the orc but do no damage.
The orc is poisoned.
The orc hits you but does no damage. The steam dragon closely misses you.
The steam dragon claws you but does no damage.
You hit the orc.
The orc looks as sick as possible!
Your punch misses the orc.
The orc is heavily wounded.
You hit the orc.
You kill the orc!
The steam dragon is struck by your spines.
The steam dragon bites you.
* * * LOW HITPOINT WARNING * * *
The steam dragon barely misses you.
An orc comes into view. It is wielding a +0 short sword.
You closely miss the steam dragon.
The steam dragon is severely wounded.
The steam dragon breathes steam at you. The ball of steam misses you.
Unknown command.
You hit the orc.
The orc is lightly wounded.
You are engulfed in a cloud of scalding steam.
The orc hits you but does no damage. The steam dragon bites you.
The steam dragon barely misses you.
You hit the orc but do no damage.
The orc is poisoned.
The orc is lightly wounded.
You are engulfed in a cloud of scalding steam.
You closely miss the orc.
The orc is lightly wounded.
You are engulfed in a cloud of scalding steam.
The orc is engulfed in a cloud of scalding steam.
The orc is struck by your spines. The orc barely misses you.
The steam dragon bites you!
* * * LOW HITPOINT WARNING * * *
The steam dragon claws you.
* * * LOW HITPOINT WARNING * * *
The orc attacks as you move away! The orc is struck by your spines.
You kill the orc!
You hear a distant slurping noise.
The steam dragon breathes steam at you. The ball of steam hits you!!
The steam scalds you terribly!
You die...

#...#.......#.....###.# *
* #..###......#..#.## * ,
###.#.....#...[.## * * *
##......#.###.#
#.#.#..#.#...##
#.#.#..#......# +#. ##
####.#.#..###.###.###....
#.
.......#..###§####)......
#. .....###.....§§.@§D..#
#. ######
#..###§###o.....(. ##
########..###.# #####...#
* .# ...........##.###
..# #. ###..##..........
, ### ## ##..........#.#
.## # #..##...##.#.# *
*#.## # #..#.....#...# *
###.>###. #....._......#
.....#.#


You could see a steam dragon (very poisoned, catching breath) and an orc (very
poisoned).

Vanquished Creatures
  A komodo dragon (D:6)
  Grinder (D:4)
  Sigmund (D:4)
  Menkaure (D:5)
  Duvessa (D:5)
  4 black bears
  An orc warrior (D:6)
  An ice beast (D:6)
  A sky beast (D:6)
  4 ogres
  4 necrophages
  5 scorpions
  Dowan (D:5)
  4 jellies
  4 orc priests (D:5)
  3 hounds
  8 iguanas
  5 orc wizards (D:5)
  Robin (D:2)
  2 adders
  4 gnolls
  A white imp (D:5)
  An ufetubus (D:6)
  4 worms
  A dart slug (D:3)
  17 orcs
  8 ball pythons
  3 bats
  6 endoplasms
  3 giant cockroaches
  11 goblins
  3 hobgoblins
  2 jackals (D:2)
  5 quokkas
  A frilled lizard (D:3)
  7 kobolds
130 creatures vanquished.

Notes
Turn   | Place    | Note
-------+----------+-------------------------------------------
     0 | D:1      | Bnni the Demonspawn Gladiator began the quest for the Orb.
     0 | D:1      | Reached XP level 1. HP: 16/16 MP: 1/1
   102 | D:1      | Reached skill level 3 in Long Blades
   172 | D:1      | Gained mutation: You are partially covered in yellow
                  | scales. (AC +2) [demonic ancestry]
   172 | D:1      | Reached XP level 2. HP: 22/22 MP: 2/2
   655 | D:2      | Noticed Robin
   677 | D:2      | Gained mutation: A meltable shield of frost defends you.
                  | (SH +0) [demonic ancestry]
   677 | D:2      | Reached XP level 3. HP: 13/28 MP: 3/3
   691 | D:2      | Killed Robin
  1252 | D:2      | Reached skill level 4 in Long Blades
  1252 | D:2      | Reached XP level 4. HP: 28/34 MP: 4/4
  1598 | D:3      | Found Peoh's Armour Shoppe.
  2322 | D:3      | Noticed an ogre
  2334 | D:3      | Killed an ogre
  2335 | D:3      | Reached XP level 5. HP: 19/41 MP: 5/5
  2768 | D:4      | Reached skill level 5 in Long Blades
  3081 | D:4      | Found a hide-covered altar of Uskayaw.
  3088 | D:4      | Noticed an ogre
  3096 | D:4      | Killed an ogre
  3097 | D:4      | Gained mutation: You are partially covered in sharp spines.
                  | [demonic ancestry]
  3097 | D:4      | Reached XP level 6. HP: 48/48 MP: 6/6
  3309 | D:4      | Identified the +1 leather armour of the Skies Above {rF-
                  | rC+ Dex+3}
  3732 | D:4      | Reached skill level 6 in Long Blades
  3786 | D:4      | Reached XP level 7. HP: 29/55 MP: 7/7
  4018 | D:4      | Noticed Grinder
  4030 | D:4      | Paralysed by Grinder for 3 turns
  4047 | D:4      | Killed Grinder
  4048 | D:4      | Reached skill level 5 in Fighting
  4346 | D:4      | Noticed Sigmund
  4357 | D:4      | Killed Sigmund
  4358 | D:4      | Reached skill level 7 in Long Blades
  4551 | D:5      | Entered Level 5 of the Dungeon
  4595 | D:5      | Gained mutation: You are mostly covered in yellow scales.
                  | (AC +3) [demonic ancestry]
  4595 | D:5      | Reached XP level 8. HP: 63/63 MP: 8/8
  4625 | D:5      | HP: 3/64 [something/magic dart (2)]
  4627 | D:5      | Gained mutation: You are agile. (Dex +4, Str/Int -1)
                  | [potion of mutation]
  4627 | D:5      | Gained mutation: Armour fits poorly on your strangely
                  | shaped body. [potion of mutation]
  4627 | D:5      | Gained mutation: You have a pair of small antennae on your
                  | head. [potion of mutation]
  4896 | D:5      | Lost mutation: You are agile. (Dex +4, Str/Int -1) [potion
                  | of mutation]
  4896 | D:5      | Lost mutation: You have a pair of small antennae on your
                  | head. [potion of mutation]
  4896 | D:5      | Gained mutation: You are frail. (-10% HP) [potion of
                  | mutation]
  4896 | D:5      | Gained mutation: You passively map a small area around you.
                  | [potion of mutation]
  4951 | D:5      | Reached skill level 8 in Long Blades
  4975 | D:5      | Noticed Menkaure
  5386 | D:5      | Killed Menkaure
  5710 | D:5      | Found a staircase to the Ecumenical Temple.
  5719 | Temple   | Entered the Ecumenical Temple
  5988 | D:5      | You are sucked into a shaft and drop 1 floor!
  6011 | D:6      | Noticed a komodo dragon
  6024 | D:6      | Reached skill level 9 in Long Blades
  6055 | D:6      | Killed a komodo dragon
  6056 | D:6      | Reached XP level 9. HP: 7/64 MP: 9/9
  6243 | D:6      | HP: 3/64 [acid (8)]
  6328 | D:6      | Found a broken altar of Ashenzari.
  6342 | D:6      | Found Mavosme's Distillery.
  6350 | D:6      | Bought a potion of might for 44 gold pieces
  6359 | D:6      | Bought a potion of might for 44 gold pieces
  6396 | D:6      | Bought a potion of mutation for 88 gold pieces
  6396 | D:6      | Lost mutation: You passively map a small area around you.
                  | [potion of mutation]
  6396 | D:6      | Lost mutation: You are frail. (-10% HP) [potion of
                  | mutation]
  6396 | D:6      | Lost mutation: Armour fits poorly on your strangely shaped
                  | body. [potion of mutation]
  6396 | D:6      | Gained mutation: You are strong-willed. (Will+) [potion of
                  | mutation]
  6396 | D:6      | Gained mutation: You possess an exceptional clarity of
                  | mind. [potion of mutation]
  6396 | D:6      | Gained mutation: You have a pair of small antennae on your
                  | head. [potion of mutation]
  6662 | D:6      | Found a basalt altar of Yredelemnul.
  6806 | D:5      | Found an ornate altar of the Wu Jian Council.
  7031 | D:5      | Reached skill level 10 in Long Blades
  7191 | D:5      | Noticed Duvessa
  7191 | D:5      | Noticed Dowan
  7207 | D:5      | Killed Duvessa
  7218 | D:5      | Killed Dowan
  7732 | D:6      | Found an iron altar of Okawaru.
  8019 | D:6      | Found a runed translucent gate.
  8019 | D:6      | Found a runed translucent gate.
  8019 | D:6      | Found a runed translucent gate.
  8021 | D:6      | Noticed a spectral unseen horror
  8024 | D:6      | Noticed capka3m's ghost (novice MeEE)
  8093 | D:6      | Killed from afar by a steam dragon

Illustrated notes

Levels and vault maps discovered:
D:1:      dpeg_arrival_connections, layout_basic, minmay_statues_item,
          grunt_decor_one_mirror
D:2:      layout_rooms, cheibrodos_gnoll_hut, uniq_robin
D:3:      kennysheep_big_flooded_room, layout_loops_ring, serial_shops,
          nicolae_square_shop, bh_walls_and_bars
D:4:      layout_loops_corners, nicolae_uskayaw_murder_on_the_dancefloor,
          uniq_sigmund, uniq_grinder
D:5:      layout_basic, pdpol_wu_jian_five_deadly_venoms,
          minmay_temple_entry_tees, uniq_menkaure, uniq_duvessa
D:6:      layout_loops_ring, kennysheep_mini, overflow_temple_1_default,
          okawaru_gym_becter, mainiacjoe_overflow_tiny_flanked,
          gammafunk_ghost_necromancy, serial_shops, shop,
          minmay_manual_monstrance
Temple:   hellmonk_temple_forest_ring

Skill      XL: |  1  2  3  4  5  6  7  8  9 |
---------------+----------------------------+-----
Long Blades    | 3 4 5 6 7 9 10 | 10.6
Fighting       | 3 4 5 7 8 |  8.1
Throwing       | |  1.7
Dodging        | |  2.6

Action                   |  1- 3 |  4- 6 |  7- 9 || total
-------------------------+-------+-------+-------++-------
Melee: Dagger            |   105 |   158 |       ||   263
       Long sword        |     5 |       |    24 ||    29
       Punch             |     1 |     3 |     4 ||     8
       Short sword       |       |       |   232 ||   232
Throw: Dart              |       |    14 |    17 ||    31
       Throwing net      |       |     3 |       ||     3
       Javelin           |       |     1 |     3 ||     4
  Use: Scroll            |       |     1 |     4 ||     5
       Potion            |       |       |    10 ||    10
 Stab: Held in net/web   |       |     2 |       ||     2
       Invisible         |       |       |     1 ||     1
Armor: Leather armour    |     7 |       |       ||     7
       Ring mail         |    26 |    44 |    58 ||   128
Dodge: Dodged            |    55 |    63 |    93 ||   211
Block: Other             |     7 |    29 |    32 ||    68

Table legend: (Time is in decaauts)
 A = Elapsed time spent in this place.
 B = Non-inter-level travel time spent in this place.
 C = Inter-level travel time spent in this place.
 D = Time resting spent in this place.
 E = Time spent auto-exploring this place.
 F = Levels seen in this place.
 G = Mean time per level.
                   A        B        C        D        E       F      G
               +--------+--------+--------+--------+--------+-----+--------+
         Total |   7980 |   7730 |    250 |   1884 |   4637 |   7 | 1140.0 |
       Dungeon |   7821 |   7588 |    233 |   1884 |   4505 |   6 | 1303.5 |
        Temple |    158 |    141 |     17 |      0 |    132 |   1 |  158.0 |
               +--------+--------+--------+--------+--------+-----+--------+

Top non-repeatable levels by time:
     D:4: 2200 daAuts
     D:5: 1887 daAuts
     D:3: 1131 daAuts
     D:6: 1027 daAuts
     D:2: 953 daAuts
     D:1: 621 daAuts
  Temple: 158 daAuts
